 Dungeon Crawl Stone Soup version 0.23.1 (webtiles) character file.

Game seed: 11597396933610119100

960 kali666 the Shield-Bearer (level 8, -1/56 (60) HPs)
             Began as a Human Fighter on Mar 18, 2019.
             Killed by nerve-wracking pain
             ... invoked by a shadow imp
              (10 damage)
             ... on level 5 of the Dungeon.
             The game lasted 00:19:25 (4407 turns).

kali666 the Shield-Bearer (Human Fighter)           Turns: 4407, Time: 00:19:26

HP:   -1/56 (60)    AC:  9    Str: 18    XL:     8   Next: 37%
MP:   8/8           EV: 10    Int:  8    God:
Gold: 310           SH: 12    Dex: 14    Spells: 7/7 levels left

rFire    . . .     SeeInvis .   k - +2 dagger (drain)
rCold    . . .     Gourm    .   c - +2 shield
rNeg     . . .     Faith    .   r - +2 ring mail {MR+}
rPois    .         Spirit   .   (no helmet)
rElec    .         Reflect  .   (no cloak)
rCorr    .         Harm     .   s - +0 pair of gloves
MR       +....                  (no boots)
Stlth    ++........             (no amulet)
HPRegen  0.00/turn              (no ring)
MPRegen  0.11/turn              (no ring)

@: fainting, non-regenerating, diseased
A: no striking features
a: no special abilities


You were on level 5 of the Dungeon.
You were fainting.

You visited 1 branch of the dungeon, and saw 5 of its levels.

You collected 310 gold pieces.

Inventory:

Hand Weapons
 k - a +2 dagger of draining (weapon)
 q - a cursed +0 rapier
Missiles
 i - 7 javelins (quivered)
Armour
 c - a +2 shield (worn)
 o - a +2 scale mail of cold resistance
 r - a +2 ring mail of magic resistance (worn)
 s - a +0 pair of gloves (worn)
 v - a scarf of resistance
Jewellery
 t - an uncursed ring of stealth {unknown}
Wands
 a - a wand of random effects (11)
 j - a wand of iceblast (8)
Scrolls
 b - 3 scrolls of teleportation
 n - 2 scrolls of immolation
Potions
 d - a potion of might
 e - 2 potions of lignification
 g - 2 potions of curing
 h - a potion of flight {unknown}
 l - a potion of haste {unknown}
 m - a potion of magic {unknown}
 p - a potion of brilliance {unknown}
Comestibles
 f - 9 rations


   Skills:
 * Level 4.2 Fighting
 * Level 3.5(3.8) Short Blades
   Level 2.0(3.1) Long Blades
 * Level 1.3 Throwing
 * Level 5.2 Armour
 * Level 2.5 Dodging
 * Level 2.8 Stealth
 * Level 5.4 Shields


You had 7 spell levels left.
You didn't know any spells.
Your spell library was empty.

Dungeon Overview and Level Annotations

Branches:
Dungeon (5/15)             Temple (0/1) D:5

Altars:
Ashenzari
Dithmenos
Gozag
Qazlal


Message History

The shadow imp gestures at you. Pain shoots through your body!
* * * LOW HITPOINT WARNING * * *
The necrophage hits you but does no damage.
You hit the shadow imp but do no damage.
The shadow imp is almost dead.
The shadow imp hits you but does no damage.
The necrophage barely misses you.
You hit the necrophage but do no damage.
The necrophage is heavily damaged.
The shadow imp hits you.
* * * LOW HITPOINT WARNING * * *
The necrophage hits you.
* * * LOW HITPOINT WARNING * * *
You feel your flesh rotting away!
You see here a giant cockroach corpse.
You are fainting from starvation!
The shadow imp gestures at you. Pain shoots through your body!
You die...

,,,,** #..†..#.....##..#
,,*,,**#.....#.....##..#
,,,,,,*#.....#.........#
,***#.##.....#.....##..#
,,,*#........#.)...##..#
,,,,#.......5#####'##..#
,,,,#.............÷.#..#
_,,...........n.....#'###
,,,.#.#######...@.......#
,,,,#.,,+,,,#...........#
,,,*#,,,*,,,########....#
,****,***,,,* #....#
,,,,,,***,,,* #....#
,,+,,+,,,,,,** #....#
,,*,,*,,,,,,,* #....#
*********,,,,* #....#
************** #....#


You could see a necrophage and a shadow imp.

Vanquished Creatures
  Sigmund (D:1)
  A water moccasin (D:5)
  An ogre (D:4)
  A phantom (D:4)
  A centaur (D:4)
  A hound (D:4)
  An orc priest (D:4)
  A jelly (D:5)
  An orc wizard (D:4)
  Jessica (D:2)
  2 iguanas (D:4)
  Terence (D:2)
  A worker ant (D:4)
  Ijyb (D:4)
  2 gnolls (D:2)
  6 adders
  An ooze (D:3)
  2 worms
  2 dart slugs
  2 leopard geckos (D:3)
  7 orcs (D:4)
  3 giant cockroaches
  4 hobgoblins (D:2)
  6 jackals (D:4)
  2 ball pythons
  9 bats
  A frilled lizard (D:3)
  16 goblins
  4 kobolds
  A leopard gecko skeleton (D:4)
  8 rats
91 creatures vanquished.

Notes
Turn   | Place    | Note
-------+----------+-------------------------------------------
     0 | D:1      | kali666 the Human Fighter began the quest for the Orb.
     0 | D:1      | Reached XP level 1. HP: 18/18 MP: 1/1
   509 | D:1      | Reached XP level 2. HP: 24/24 MP: 2/2
   980 | D:2      | Reached XP level 3. HP: 29/29 MP: 3/3
  1027 | D:2      | Noticed Terence
  1041 | D:2      | Killed Terence
  1041 | D:2      | Reached skill level 1 in Dodging
  1041 | D:2      | Reached XP level 4. HP: 29/35 MP: 4/4
  1081 | D:2      | Found a stormy altar of Qazlal.
  1119 | D:2      | Reached skill level 1 in Short Blades
  1178 | D:2      | Noticed Jessica
  1185 | D:2      | Killed Jessica
  1185 | D:2      | Reached skill level 1 in Stealth
  1185 | D:2      | Reached XP level 5. HP: 26/41 MP: 5/5
  1307 | D:2      | Noticed Sigmund
  1816 | D:1      | Killed Sigmund
  1816 | D:1      | Reached XP level 6. HP: 48/48 MP: 6/6
  2542 | D:4      | Reached XP level 7. HP: 45/53 MP: 7/7
  2646 | D:4      | Found a shadowy altar of Dithmenos.
  2762 | D:4      | Noticed Ijyb
  2778 | D:4      | Killed Ijyb
  3356 | D:4      | Reached skill level 5 in Armour
  3356 | D:4      | Reached skill level 5 in Shields
  3356 | D:4      | Reached XP level 8. HP: 37/60 MP: 8/8
  3608 | D:4      | Found an opulent altar of Gozag.
  3691 | D:4      | Reached skill level 1 in Throwing
  3846 | D:5      | Entered Level 5 of the Dungeon
  3847 | D:5      | Found a staircase to the Ecumenical Temple.
  4023 | D:5      | Found a shattered altar of Ashenzari.
  4335 | D:5      | Found a shadowy altar of Dithmenos.
  4407 | D:5      | Killed from afar by a shadow imp

Skill      XL: |  1  2  3  4  5  6  7  8 |
---------------+-------------------------+-----
Dodging        | 1 2 |  2.5
Short Blades   | 1 2 3 |  3.5
Stealth        | 1 2 |  2.8
Armour         | 4 5 |  5.2
Shields        | 4 5 |  5.4
Fighting       | 4 |  4.2
Throwing       | 1 |  1.3
Long Blades    | |  2.0

Action                   |  1- 3 |  4- 6 |  7- 9 || total
-------------------------+-------+-------+-------++-------
Melee: Long sword        |    15 |       |       ||    15
       Dagger            |    43 |   144 |   248 ||   435
  Use: Scroll            |     1 |     9 |     2 ||    12
       Potion            |       |     1 |       ||     1
  Eat: Chunk             |       |     5 |     4 ||     9
Armor: Scale mail        |    28 |    57 |    17 ||   102
       Ring mail         |       |       |    53 ||    53
Dodge: Dodged            |    11 |    32 |    64 ||   107
Block: Shield            |    23 |    84 |   135 ||   242
       Rpst.: Long sword |     1 |       |       ||     1
